 Dungeon Crawl Stone Soup version 0.26-a0-737-g4e9f4955e2 (console) character file.

Game seed: 13801085987007762563

45 om the Insei (level 3, -3/27 HPs)
             Began as a Merfolk Transmuter on Nov 4, 2020.
             Slain by an adder (4 damage)
             ... on level 2 of the Dungeon.
             The game lasted 00:02:37 (1970 turns).

om the Insei (Merfolk Transmuter)                   Turns: 1970, Time: 00:02:38

Health: -3/27      AC:  2    Str: 11    XL:     3   Next: 64%
Magic:  5/6        EV: 13    Int: 12    God:
Gold:   39         SH:  0    Dex: 14    Spells: 5/6 levels left

rFire    . . .     SeeInvis .     - Unarmed
rCold    . . .     Faith    .   (no shield)
rNeg     . . .     Spirit   .   a - +0 robe
rPois    .         Reflect  .   (helmet currently unavailable)
rElec    .         Harm     .   (no cloak)
rCorr    .         Rampage  .   (no gloves)
MR       .....                  (boots currently unavailable)
Stlth    +.........             (no amulet)
HPRegen  0.09/turn              (no ring)
MPRegen  0.10/turn              (no ring)

@: lethally poisoned (-3 -> -8), appendages
A: change form in water, swift swim, stealthy swim, horns 2
a: End Transformation


You were on level 2 of the Dungeon.
You had grown temporary horns.
You visited 1 branch of the dungeon, and saw 2 of its levels.

You collected 39 gold pieces.

Inventory:

Armour
 a - a +0 robe (worn)
Scrolls
 b - a scroll of enchant armour {unknown}
 c - a scroll of teleportation {unknown}
 h - a scroll of immolation {unknown}
Potions
 e - a potion of heal wounds {unknown}
 f - a potion of flight {unknown}
 g - a potion of mutation {unknown}


   Skills:
 + Level 1.6 Fighting
 + Level 3.1 Dodging
 * Level 3.8 Unarmed Combat
 * Level 2.3 Spellcasting
 * Level 3.4 Transmutations


You had 5 spell levels left.
You knew the following spells:

 Your Spells              Type           Power        Failure   Level
a - Beastly Appendage     Tmut           #.....       6%          1

Your spell library contained the following spells:

 Spells                   Type           Power        Failure   Level
 Wereblood                Tmut           #.......     10%         2
 Spider Form              Tmut/Pois      #.........   36%         3
 Ice Form                 Ice/Tmut       #.......     77%         4
 Blade Hands              Tmut           #.........   86%         5


Dungeon Overview and Level Annotations

Branches:
Dungeon (2/15)

Altars:


Innate Abilities, Weirdness & Mutations

You revert to your normal form in water.
You are very nimble and swift while swimming.
You are very stealthy in the water. (Stealth+)
You have a pair of horns on your head.


Message History

You are lethally poisoned!
The adder poisons you!
It was a potion of curing.
You feel better. The quokka bites you. The adder bites you.
Casting: Beastly Appendage (safe; 6% risk of failure)
Confirm with . or Enter, or press ? or * to list all spells.
You grow a pair of large bovine horns.
The quokka misses you. The adder bites you.
* * * LOW HITPOINT WARNING * * *
You are poisoned.
The adder poisons you!
You barely miss the adder.
The adder is almost dead.
You feel sick. The quokka bites you.
* * * LOW HITPOINT WARNING * * *
The adder bites you but does no damage.
You miss the adder. Your headbutt misses the adder.
The adder is almost dead.
The adder completely misses you. The quokka bites you.
* * * LOW HITPOINT WARNING * * *
The adder bites you.
You die...

#######.# #.......#
#.......# ####
#.$....$#..$.#
##.......#....#
#.............#
#.....S.......#
#......@...#
#......r...#
###..........###
#...............
#...........######
#.................
#.....####..#####
#.....# #..#...#
#.....# #..#.#.# ##
#.....####..#†#<# ..
#.....+.....#.###.###.


You could see an adder and a quokka.

Vanquished Creatures
  A gnoll (D:1)
  A worm (D:2)
  A dart slug (D:1)
  A leopard gecko (D:2)
  3 giant cockroaches (D:1)
  2 hobgoblins (D:1)
  4 jackals (D:2)
  A ball python (D:1)
  5 bats (D:1)
  3 frilled lizards (D:1)
  A goblin (D:1)
  2 kobolds (D:1)
  4 rats
29 creatures vanquished.

Notes
Turn   | Place    | Note
-------+----------+-------------------------------------------
     0 | D:1      | om the Merfolk Transmuter began the quest for the Orb.
     0 | D:1      | Reached XP level 1. HP: 15/15 MP: 3/3
   482 | D:1      | Reached XP level 2. HP: 21/21 MP: 3/5
  1081 | D:1      | Reached XP level 3. HP: 26/26 MP: 4/6
  1970 | D:2      | HP: 1/27 [quokka (1)]
  1970 | D:2      | Slain by an adder

Illustrated notes

Levels and vault maps discovered:
D:1:      psy_arrival_statuary, layout_loops_ring
D:2:      layout_basic, lemuel_doored_altar, nicolae_ru_awakened_eye,
          uniq_crazy_yiuf_cottage

Skill      XL: |  1  2 |
---------------+-------+-----
Transmutations | 3 |  3.4
Dodging        | 3 |  3.1
Fighting       | |  1.6
Unarmed Combat | |  3.8
Spellcasting   | |  2.3

Action                   || total
-------------------------++-------
Melee: Unarmed           ||   118
       Headbutt          ||    13
 Cast: Beastly Appendage ||    24
  Use: Potion            ||     1
Armor: Robe              ||    36
Dodge: Dodged            ||   104

Table legend: (Time is in decaauts)
 A = Elapsed time spent in this place.
 B = Non-inter-level travel time spent in this place.
 C = Inter-level travel time spent in this place.
 D = Time resting spent in this place.
 E = Time spent auto-exploring this place.
 F = Levels seen in this place.
 G = Mean time per level.
                   A        B        C        D        E       F      G
               +--------+--------+--------+--------+--------+-----+--------+
         Total |   1962 |   1949 |     13 |    920 |    779 |   2 |  981.0 |
       Dungeon |   1962 |   1949 |     13 |    920 |    779 |   2 |  981.0 |
               +--------+--------+--------+--------+--------+-----+--------+

Top non-repeatable levels by time:
     D:1: 1618 daAuts
     D:2: 344 daAuts
